 Dungeon Crawl Stone Soup version 0.28.0-47-ge53b351184 (webtiles) character file.

Game seed: 1517531897176119685

4 klau3 the Conjurer (level 1, -3/14 HPs)
             Began as a Minotaur Conjurer on May 2, 2022.
             Frozen to death by an endoplasm (4 damage)
             ... on level 1 of the Dungeon.
             The game lasted 00:00:15 (40 turns).

klau3 the Conjurer (Minotaur Conjurer)                Turns: 40, Time: 00:00:17

Health: -3/14      AC:  2    Str: 11    XL:     1   Next: 50%
Magic:  1/1        EV: 12    Int: 15    God:
Gold:   9          SH:  0    Dex:  8    Spells: 1/2 levels left

rFire   . . .      SeeInvis .   (no weapon)
rCold   . . .      Faith    .   (no shield)
rNeg    . . .      Spirit   .   a - +0 robe
rPois   .          Reflect  .   (helmet restricted)
rElec   .          Harm     .   (no cloak)
rCorr   .          Rampage  .   (no gloves)
Will    .....                   (no boots)
Stlth   +.........              (no amulet)
HPRegen 0.04/turn               (no ring)
MPRegen 0.07/turn               (no ring)

@: no status effects
A: horns 2, retaliatory headbutt
a: no special abilities


You were on level 1 of the Dungeon.
You visited 1 branch of the dungeon, and saw 1 of its levels.

You collected 9 gold pieces.

Inventory:

Armour
 a - a +0 robe (worn)


   Skills:
 + Level 2.2 Dodging
 + Level 1.5 Stealth
 + Level 1.4 Spellcasting
 + Level 3.1 Conjurations


You had one spell level left.
You knew the following spells:

 Your Spells              Type           Power      Damage    Failure   Level
a - Magic Dart            Conj           40%        1d5       7%          1

Your spell library contained the following spells:

 Spells                   Type           Power      Damage    Failure   Level
 Searing Ray              Conj           20%        2d5       10%         2
 Dazzling Flash           Conj/Hex       10%        N/A       36%         3
 Fulminant Prism          Conj/Hex       2%         3d6       77%         4
 Iskenderun's Mystic Bla  Conj/Tloc      5%         2d3       77%         4


Dungeon Overview and Level Annotations

Branches:
Dungeon (1/15)

Altars:


Innate Abilities, Weirdness & Mutations

You have a pair of horns on your head.
You reflexively headbutt those who attack you in melee.


Message History

The slug dart hits you.
There is a faded altar of an unknown god here.
The dart slug launches a dart at you. The slug dart hits you.
The dart slug bites you.
Found 5 gold pieces and a fuming golden potion.
The dart slug briefly extends its eye-stalks.
The dart slug launches a dart at you. The slug dart misses you.
You hit the dart slug.
The dart slug is lightly wounded.
The dart slug bites you.
You hit the dart slug. You headbutt the dart slug. You punch the dart slug.
You kill the dart slug!
Found a robe.
Found a stone staircase leading down.
An endoplasm comes into view.
The endoplasm quivers.
A bat comes into view.
A rat comes into view.
The endoplasm hits you but does no damage.
The bat hits you.
* * * LOW HITPOINT WARNING * * *
You barely miss the endoplasm. Your headbutt misses the endoplasm.
The bat barely misses you.
The endoplasm hits you but does no damage.
You hit the endoplasm but do no damage.
You headbutt the endoplasm, but do no damage.
The bat hits you.
* * * LOW HITPOINT WARNING * * *
The endoplasm freezes you.
You are frozen.
* * * LOW HITPOINT WARNING * * *
You hit the endoplasm.
The endoplasm is lightly wounded.
The bat closely misses you. You furiously retaliate!
You headbutt the bat!
You kill the bat!
The endoplasm freezes you.
You are frozen.
You die...

..........######...#....
.
###...#.#.#####.......#..
.....#.#........###....##
##...................####
#....................##
..............#
...........>..#
.!..$.....[...#
......J@......#
..............#
...............
....r..........
...............
#..######...... ..#
...... ## ......


You could see an endoplasm and a rat.

Vanquished Creatures
  A dart slug (D:1)
  A goblin (D:1)
  A bat (D:1)
3 creatures vanquished.

Notes
Turn   | Place    | Note
-------+----------+-------------------------------------------
     0 | D:1      | klau3 the Minotaur Conjurer began the quest for the Orb.
     0 | D:1      | Reached XP level 1. HP: 14/14 MP: 1/1
    10 | D:1      | Found a faded altar of an unknown god.
    17 | D:1      | Reached skill level 3 in Conjurations
    40 | D:1      | Frozen to death by an endoplasm

Illustrated notes

Levels and vault maps discovered:
D:1:      eino_arrival_water_cross, layout_rooms,
          hellmonk_ecumenical_altar_run_dry

Skill      XL: |  1 |
---------------+----+-----
Conjurations   | 3 |  3.1
Dodging        | |  2.2
Stealth        | |  1.5
Spellcasting   | |  1.4

Action                   || total
-------------------------++-------
Melee: Unarmed           ||     7
       Headbutt          ||     3
       Punch             ||     1
Armor: Robe              ||     2
Dodge: Dodged            ||     5
